 Dungeon Crawl Stone Soup version 0.30.0-17-ge0270778cf (webtiles) character file.

Game seed: 9850693516114391668

207 RascalDebosk the Magician (level 6, 0/43 HPs)
             Began as a Djinni Warper on May 21, 2023.
             Slain by a water moccasin (6 damage)
             ... on level 3 of the Dungeon.
             The game lasted 00:11:07 (1257 turns).

RascalDebosk the Magician (Djinni Warper)           Turns: 1257, Time: 00:11:07

Health: 0/43       AC:  3    Str: 10    XL:     6   Next: 10%
Gold:   44         EV: 11    Int: 17    God:
                   SH:  0    Dex: 12

rFire   + + .        a - +0 falchion
rCold   . . .        (no shield)
rNeg    . . .        b - +0 leather armour
rPois   ∞            (no helmet)
rElec   .            (no cloak)
rCorr   .            (no gloves)
SInv    .            (boots unavailable)
Will    .....        j - amulet of regeneration
Stlth   +            k - ring of protection from cold
HPRegen 1.07/turn    (no ring)
MPRegen 0.00/turn

%: infuse magic (-1 HP)
@: flying
A: sickness immunity, fire resistance 2, cold vulnerability 1, float, innate
caster, HP casting, extra vitality 1
a: no special abilities


You were on level 3 of the Dungeon.
You visited 1 branch of the dungeon, and saw 3 of its levels.

You collected 44 gold pieces.

Inventory:

Hand Weapons
 a - a +0 falchion (weapon)
Missiles
 d - 2 boomerangs of dispersal
Armour
 b - a +0 leather armour (worn)
Jewellery
 j - an amulet of regeneration (around neck)
 k - a ring of protection from cold (left hand)
 o - the macabre finger necklace {Finger+ rN+}
   (You found it on level 2 of the Dungeon)

   [amulet of nothing]

   Finger+:   It enables you to equip an extra ring.
   rN:        It protects you from negative energy.
Scrolls
 c - 3 scrolls of teleportation {unknown}
 f - a scroll of poison {unknown}
 g - a scroll of blinking
 i - a scroll of enchant armour {unknown}
 l - 2 scrolls of silence {unknown}
 p - a scroll of torment {unknown}
 r - a scroll of identify {unknown}
 u - 3 scrolls of magic mapping {unknown}
 v - a scroll of fog {unknown}
Potions
 e - a potion of brilliance {unknown}
 h - a potion of curing {unknown}
 m - a potion of attraction {unknown}
 n - a potion of haste {unknown}
 q - a potion of ambrosia {unknown}
 s - 2 potions of might {unknown}
 t - a potion of invisibility {unknown}


   Skills:
 * Level 2.1 Fighting
 + Level 3.6 Long Blades
 - Level 0.7 Throwing
 - Level 1.0 Armour
 - Level 2.1 Dodging
 * Level 4.0 Spellcasting


You knew the following spells:

 Your Spells              Type           Power      Damage    Failure   Level
a - Blink                 Tloc           34%        N/A       6%          2
b - Lesser Beckoning      Tloc           34%        N/A       6%          2
c - Vhi's Electric Charg  Tloc/Air       34%        N/A       12%         3
d - Teleport Other        Tloc           17%        N/A       12%         3
e - Manifold Assault      Tloc           17%        N/A       38%         4
f - Sandblast             Erth           34%        2d9       4%          1
g - Passwall              Tmut/Erth      14%        N/A       6%          2
Your spell library was empty.

Dungeon Overview and Level Annotations

Branches:
Dungeon (3/15)

Altars:


Innate Abilities, Weirdness & Mutations

You are immune to sickness and miasma.
You are immune to poison.
Your flesh is very heat resistant. (rF++)
You are vulnerable to cold. (rC-)
You float through the air rather than walking.
You learn spells naturally, not from books.
Your magical power is your life essence.
You have superior vitality. (+4 MHP)


Message History

A water moccasin comes into view.
The water moccasin hisses angrily.
Casting: Manifold Assault (extremely dangerous; 38% risk of failure)
Confirm with . or Enter, or press ? or * to list all spells.
You blink.
Casting: Blink (safe; 6% risk of failure)
Confirm with . or Enter, or press ? or * to list all spells.
You can't see any susceptible monsters within range! (Use Z to cast anyway.)
Casting: Blink (safe; 6% risk of failure)
Confirm with . or Enter, or press ? or * to list all spells.
Charge where?
Press: ? - help, Dir - move target, f - water moccasin
Aim: a water moccasin (59% to hit)
You charge forward with an electric crackle!
You barely miss the water moccasin. The water moccasin barely misses you.
You hit the water moccasin.
The water moccasin is lightly wounded.
You feel stable enough to blink again. The water moccasin bites you.
The water moccasin closely misses you.
You closely miss the water moccasin.
The water moccasin is lightly wounded.
The water moccasin bites you but does no damage.
The water moccasin bites you.
You closely miss the water moccasin.
The water moccasin is lightly wounded.
The water moccasin closely misses you.
You hit the water moccasin.
The water moccasin is moderately wounded.
The water moccasin bites you.
The water moccasin bites you but does no damage.
You closely miss the water moccasin.
The water moccasin is lightly wounded.
The water moccasin barely misses you.
You closely miss the water moccasin. You punch the water moccasin.
The water moccasin is moderately wounded.
The water moccasin bites you. x2
You completely miss the water moccasin.
The water moccasin is moderately wounded.
The water moccasin bites you but does no damage.
You barely miss the water moccasin.
The water moccasin is moderately wounded.
The water moccasin closely misses you. The water moccasin bites you.
You hit the water moccasin.
The water moccasin is heavily wounded.
The water moccasin barely misses you.
You hit the water moccasin but do no damage.
The water moccasin is heavily wounded.
The water moccasin bites you. The water moccasin bites you!
* * * LOW HITPOINT WARNING * * *
You closely miss the water moccasin.
The water moccasin is heavily wounded.
The water moccasin barely misses you. The water moccasin bites you.
* * * LOW HITPOINT WARNING * * *
You closely miss the water moccasin.
The water moccasin is moderately wounded.
The water moccasin bites you!
* * * LOW HITPOINT WARNING * * *
You hit the water moccasin.
You punch the water moccasin, but do no damage.
The water moccasin is heavily wounded.
The water moccasin closely misses you.
The water moccasin bites you but does no damage.
You miss the water moccasin.
The water moccasin is heavily wounded.
The water moccasin bites you but does no damage.
The water moccasin bites you.
* * * LOW HITPOINT WARNING * * *
You hit the water moccasin.
The water moccasin is heavily wounded.
The water moccasin bites you.
* * * LOW HITPOINT WARNING * * *
You hit the water moccasin but do no damage.
The water moccasin is heavily wounded.
The water moccasin bites you but does no damage.
The water moccasin bites you.
* * * LOW HITPOINT WARNING * * *
You hit the water moccasin.
The water moccasin is severely wounded.
The water moccasin bites you.
* * * LOW HITPOINT WARNING * * *
You completely miss the water moccasin.
The water moccasin is severely wounded.
The water moccasin misses you. The water moccasin barely misses you.
You hit the water moccasin.
The water moccasin is severely wounded.
The water moccasin barely misses you.
You closely miss the water moccasin.
The water moccasin is severely wounded.
The water moccasin barely misses you. The water moccasin bites you!
* * * LOW HITPOINT WARNING * * *
You barely miss the water moccasin.
The water moccasin is severely wounded.
The water moccasin bites you.
* * * LOW HITPOINT WARNING * * *
The water moccasin bites you but does no damage.
The water moccasin attacks as you move away!
The water moccasin closely misses you.
The water moccasin attacks as you move away!
The water moccasin barely misses you. The water moccasin bites you.
You die...

###..... .. .>.##.##.. .####
##..##.#..# ..... ##..........
..... #########.........###
.....
##.....#.............####....
##..............#####.....##
#.......†.....S............#
#.............@##......##..###.
#..............###....###......
#...............###..###.)#####
#................######...# #..
#.................# #...)# #..
##<...............# #....###..
##.....##.......######.....†..
##########.#..###..###...##..
#.#.###....###.###..


You could see a water moccasin.

Vanquished Creatures
  Sigmund (D:2)
  An adder (D:3)
  A worm (D:2)
  2 ball pythons
  4 endoplasms
  3 giant cockroaches
  3 goblins
  2 hobgoblins
  4 kobolds
  3 quokkas
  5 bats
  A frilled lizard (D:2)
  2 rats (D:1)
32 creatures vanquished.

Notes
Turn   | Place    | Note
-------+----------+-------------------------------------------
     0 | D:1      | RascalDebosk the Djinni Warper began the quest for the Orb.
     0 | D:1      | RascalDebosk set off with the following spells memorised:
                  | Blink, Lesser Beckoning, Vhi's Electric Charge, Teleport
                  | Other, Manifold Assault.
     0 | D:1      | Reached XP level 1. HP: 18/18 MP: 0/0
    58 | D:1      | Reached XP level 2. HP: 23/23 MP: 0/0
   168 | D:1      | Reached skill level 3 in Spellcasting
   323 | D:1      | Reached XP level 3. HP: 22/28 MP: 0/0
   323 | D:1      | Learned a level 1 spell: Sandblast
   568 | D:2      | Found the macabre finger necklace {Finger+ rN+}
   573 | D:2      | Noticed Sigmund
   884 | D:2      | Killed Sigmund
   885 | D:2      | Reached skill level 4 in Spellcasting
   885 | D:2      | Reached XP level 4. HP: 26/33 MP: 0/0
   885 | D:2      | Reached XP level 5. HP: 31/38 MP: 0/0
   885 | D:2      | Learned a level 2 spell: Passwall
   885 | D:2      | Reached XP level 6. HP: 35/43 MP: 0/0
  1229 | D:3      | Noticed a water moccasin
  1253 | D:3      | HP: 2/43 [water moccasin (7)]
  1257 | D:3      | Slain by a water moccasin

Illustrated notes

Levels and vault maps discovered:
D:1:      scummos_arrival_gate, layout_rooms, minmay_bisected
D:2:      layout_basic, uniq_sigmund
D:3:      layout_rooms, nicolae_elyvilon_temple_path, minivault_19,
          minmay_cupped

Skill      XL: |  1  2  3 |
---------------+----------+-----
Spellcasting   | 3 4 |  4.0
Long Blades    | 3 |  3.6
Fighting       | |  2.1
Throwing       | |  0.7
Armour         | |  1.0
Dodging        | |  2.1

Action                     |  1- 3 |  4- 6 || total
---------------------------+-------+-------++-------
  Melee: Falchion          |    50 |    47 ||    97
         Punch             |       |     2 ||     2
  Throw: Boomerang         |     5 |       ||     5
   Cast: Sandblast         |    15 |     1 ||    16
         Manifold Assault  |       |     2 ||     2
         Blink             |       |     1 ||     1
         Vhi's Electric Ch |       |     1 ||     1
 Armour: Leather armour    |    17 |    16 ||    33
  Dodge: Dodged            |    49 |    26 ||    75
